[Event "December 5 Early 2023"]
[Site "https://www.chess.com"]
[Date "2023.12.05"]
[Round "1"]
[White "Jesusesmifuerza"]
[Black "Mortazavi, Ali"]
[Result "0-1"]
[Board "226"]
[TimeControl "180+1"]
[BlackFideId "401323"]
[WhiteElo "2134"]
[BlackElo "2553"]
[BlackTeam "ENG"]
[WhiteClock "0:01:19"]
[BlackClock "0:01:47"]

1. d4 Nf6 2. Nf3 g6 3. Bf4 Bg7 4. h3 O-O 5. e3 d6 6. Bd3 c5 7. c3 Be6 8. O-O Qb6 9. Qc2 Nc6 10. Nbd2 cxd4 11. exd4 Rac8 12. Rab1 Nb4 13. cxb4 Rxc2 14. Bxc2 Qxb4 15. Bb3 Bxb3 16. Nxb3 Nd5 17. Bg3 Rc8 18. Rbc1 Rxc1 19. Rxc1 Bf6 20. Rc8+ Kg7 21. Nfd2 h5 22. Ne4 Qa4 23. Nxf6 Nxf6 24. Rc7 Qxa2 25. Rxb7 Nd5 26. Nd2 Qa6 27. Rd7 Qa1+ 28. Kh2 Qxb2 29. Nf3 a5 30. Bh4 a4 31. Bxe7 Nxe7 32. Rxe7 a3 33. Ng5 a2 34. Rxf7+ Kg8 35. Re7 a1=Q 36. Re8+ Kg7 37. Re7+ Kf8 38. Rf7+ Ke8 0-1

[Event "December 5 Early 2023"]
[Site "https://www.chess.com"]
[Date "2023.12.05"]
[Round "1"]
[White "Novoselov, Roman"]
[Black "Teumer, Joerg, Dr."]
[Result "1-0"]
[Board "227"]
[TimeControl "180+1"]
[WhiteFideId "4135067"]
[BlackFideId "4643526"]
[WhiteElo "2553"]
[BlackElo "2133"]
[WhiteTeam "RUS"]
[BlackTeam "GER"]
[WhiteClock "0:00:35"]
[BlackClock "0:00:00"]

1. d4 Nf6 2. Nc3 d5 3. Bf4 Bf5 4. e3 e6 5. Bd3 Bxd3 6. Qxd3 c6 7. Nge2 Bd6 8. O-O-O Qc7 9. Bxd6 Qxd6 10. e4 dxe4 11. Nxe4 Nxe4 12. Qxe4 Nd7 13. Nc3 O-O-O 14. Kb1 Nf6 15. Qd3 h6 16. h3 Rhe8 17. Rhe1 Kb8 18. a3 Re7 19. Qf3 Red7 20. Rd3 Qc7 21. Re5 Rd6 22. Qd1 Qd7 23. Ne2 Rd5 24. Ree3 Rd6 25. c3 c5 26. Re5 cxd4 27. Rxd4 Rxd4 28. Nxd4 Qd6 29. Re2 Nd5 30. Rd2 a6 31. c4 e5 32. Nb3 Nc3+ 33. bxc3 1-0

[Event "December 5 Early 2023"]
[Site "https://www.chess.com"]
[Date "2023.12.05"]
[Round "1"]
[White "Johnson, Ben"]
[Black "Hajiyev, Kanan"]
[Result "0-1"]
[Board "228"]
[TimeControl "180+1"]
[WhiteFideId "2010917"]
[BlackFideId "13404148"]
[WhiteElo "2128"]
[BlackElo "2552"]
[WhiteTeam "USA"]
[BlackTeam "AZE"]
[WhiteClock "0:00:09"]
[BlackClock "0:01:35"]

1. Nf3 d5 2. e3 Nf6 3. c4 c5 4. cxd5 Nxd5 5. Bb5+ Bd7 6. Bxd7+ Qxd7 7. Nc3 e6 8. Ne5 Nxc3 9. bxc3 Qd5 10. Qa4+ Nd7 11. Nxd7 Qxd7 12. Qg4 h5 13. Qf3 O-O-O 14. d4 cxd4 15. cxd4 e5 16. O-O exd4 17. exd4 Kb8 18. Bf4+ Ka8 19. Rac1 Bd6 20. Bxd6 Qxd6 21. Qxf7 Rd7 22. Qf3 g5 23. Rfd1 g4 24. Qg3 Qd5 25. Qe5 Rhd8 26. Qxd5 Rxd5 27. Rc4 b5 28. Rc2 Rxd4 29. Rxd4 Rxd4 30. g3 Rd5 31. Kh1 Kb7 32. Kg2 a5 33. h3 b4 34. hxg4 hxg4 35. Rc4 Rd2 36. Rxg4 Rxa2 37. Kf3 b3 38. Rg7+ Kb6 39. Rg6+ Kb5 40. Rg5+ Kb4 41. Rg7 b2 42. Rb7+ Kc3 43. g4 Ra1 44. g5 b1=Q 45. Rxb1 Rxb1 46. Kg4 a4 0-1

[Event "December 5 Early 2023"]
[Site "https://www.chess.com"]
[Date "2023.12.05"]
[Round "1"]
[White "Vovk, Orest"]
[Black "Biriukov, Ilja"]
[Result "1-0"]
[Board "229"]
[TimeControl "180+1"]
[WhiteFideId "14113490"]
[BlackFideId "4113373"]
[WhiteElo "2551"]
[BlackElo "2122"]
[WhiteTeam "UKR"]
[BlackTeam "RUS"]
[WhiteClock "0:00:15"]
[BlackClock "0:00:00"]

1. h4 d5 2. h5 c5 3. e4 d4 4. Bb5+ Nc6 5. Bxc6+ bxc6 6. d3 e5 7. Nd2 Be6 8. Ngf3 f6 9. b3 a5 10. a4 Bd6 11. Nc4 Bxc4 12. bxc4 Rb8 13. Nh4 Ne7 14. Qg4 Rg8 15. Qe6 Qd7 16. Qxd7+ Kxd7 17. Bd2 Bc7 18. Ke2 Rb2 19. Rhb1 Rgb8 20. Rxb2 Rxb2 21. Kd1 g5 22. Nf5 Nxf5 23. exf5 h6 24. g4 Kc8 25. Kc1 Rb7 26. c3 Rb3 27. Kc2 Rb7 28. Bc1 Bd6 29. Ba3 Kc7 30. Re1 Rb6 31. Bc1 Rb7 32. Bd2 Ra7 33. Rb1 Kc8 34. Bc1 Bc7 35. Ba3 Bd6 36. cxd4 exd4 37. Re1 Re7 38. Rxe7 Bxe7 39. Bc1 Kd7 40. Bd2 Bd8 41. f4 Kd6 42. Kd1 Ke7 43. Ke2 Kd6 44. Kf3 Ke7 45. Ke4 Kd6 46. fxg5 fxg5 47. Be1 Ke7 48. Bg3 Kf6 49. Bd6 Be7 50. Bxe7+ Kxe7 51. Ke5 Kf7 52. f6 Ke8 53. Ke6 Kf8 54. f7 Kg7 55. Ke7 1-0

[Event "December 5 Early 2023"]
[Site "https://www.chess.com"]
[Date "2023.12.05"]
[Round "1"]
[White "Vanek, Tomas"]
[Black "Tao, Sihan"]
[Result "1-0"]
[Board "230"]
[TimeControl "180+1"]
[WhiteFideId "313459"]
[BlackFideId "30982677"]
[WhiteElo "2122"]
[BlackElo "2551"]
[WhiteTeam "CZE"]
[BlackTeam "USA"]
[WhiteClock "0:00:17"]
[BlackClock "0:00:15"]

1. e4 c5 2. Nf3 d6 3. d4 cxd4 4. Nxd4 Nf6 5. Nc3 Nc6 6. Bg5 e6 7. Nb3 a6 8. Be2 h6 9. Bh4 Be7 10. O-O O-O 11. Qe1 b5 12. a3 Bb7 13. Rd1 Nd7 14. Bg3 Nb6 15. f4 Qc7 16. f5 Rad8 17. Bg4 Bc8 18. f6 Bxf6 19. Rxf6 gxf6 20. Qe3 Kg7 21. Rf1 e5 22. Bxc8 Rxc8 23. Bh4 Ne7 24. Bxf6+ Kh7 25. Rf3 Nc4 26. Qc1 Rg8 27. Rh3 Rg6 28. Bg5 Rcg8 29. Bxh6 Rxg2+ 30. Kh1 Rg1+ 31. Qxg1 Rxg1+ 32. Kxg1 Ng6 33. Nd5 Qb8 34. Nf6+ Kh8 35. Bf8+ 1-0

[Event "December 5 Early 2023"]
[Site "https://www.chess.com"]
[Date "2023.12.05"]
[Round "1"]
[White "Manukyan, Sargis A."]
[Black "Hartikainen, Jarmo"]
[Result "1-0"]
[Board "231"]
[TimeControl "180+1"]
[WhiteFideId "13303970"]
[BlackFideId "503134"]
[WhiteElo "2551"]
[BlackElo "2117"]
[WhiteTeam "ARM"]
[BlackTeam "FIN"]
[WhiteClock "0:00:42"]
[BlackClock "0:00:04"]

1. d4 d5 2. c4 c5 3. cxd5 Qxd5 4. Nf3 cxd4 5. Nc3 Qd8 6. Qxd4 Qxd4 7. Nxd4 a6 8. g3 Nf6 9. Bg2 e5 10. Nb3 Bb4 11. O-O O-O 12. Na4 Nbd7 13. a3 Be7 14. Be3 Rb8 15. Ba7 Ra8 16. Be3 Rb8 17. Nb6 Nxb6 18. Bxb6 Bd7 19. Na5 Bc6 20. Bc7 Rbc8 21. Bxe5 Bxg2 22. Kxg2 b6 23. Nb3 Nd7 24. Bd4 Nc5 25. Nxc5 Bxc5 26. Bxc5 Rxc5 27. Rac1 Rfc8 28. Rxc5 Rxc5 29. Rd1 Kf8 30. Rd6 Rb5 31. b4 a5 32. bxa5 Rxa5 33. Rxb6 Rxa3 34. Rb7 g6 35. e4 Ra5 36. f4 Kg7 37. e5 Ra6 38. Kh3 h6 39. Re7 Rb6 40. Kg4 Ra6 41. h4 Rb6 42. h5 gxh5+ 43. Kxh5 Rg6 44. g4 Kf8 45. Ra7 Kg7 46. f5 Rg5+ 47. Kh4 Kg8 48. Ra8+ Kg7 49. Re8 Kh7 50. Re7 Rg7 51. f6 1-0

[Event "December 5 Early 2023"]
[Site "https://www.chess.com"]
[Date "2023.12.05"]
[Round "1"]
[White "Mangialardo, Tiago Carvalho"]
[Black "Erzhanov, Arman"]
[Result "0-1"]
[Board "232"]
[TimeControl "180+1"]
[WhiteFideId "2130718"]
[BlackFideId "4138821"]
[WhiteElo "2100"]
[BlackElo "2550"]
[WhiteTeam "BRA"]
[BlackTeam "KAZ"]
[WhiteClock "0:00:00"]
[BlackClock "0:00:09"]

1. e4 d6 2. d4 Nf6 3. Nd2 g6 4. f4 Bg7 5. Ngf3 O-O 6. e5 Nd5 7. Nb3 Bg4 8. Be2 Nd7 9. O-O N5b6 10. Kh1 Rc8 11. h3 Be6 12. Ng5 Bd5 13. Na5 h6 14. Nf3 Rb8 15. c4 Bxf3 16. Bxf3 c6 17. f5 gxf5 18. Qe1 dxe5 19. dxe5 Nxe5 20. Qg3 Ng6 21. Bh5 Qd6 22. Qxd6 exd6 23. Rxf5 Nd7 24. Rb1 Nde5 25. Nb3 Nxc4 26. Nd2 Ne3 27. Rf3 Rbe8 28. Nb3 Nc4 29. Bd2 Nxd2 30. Nxd2 d5 31. Rbf1 Re7 32. Nb3 b6 33. Nc1 Ne5 34. Rf5 Kh7 35. Ne2 Nd3 36. Ng3 Nxb2 37. R5f2 Nd3 38. Rf3 Ne5 39. Rf4 Ng6 40. Rf5 Be5 41. Ne2 Kg7 42. Ng1 Bd6 43. Nf3 Re4 44. Nh2 Rf4 45. R5xf4 Nxf4 46. Bf3 Nd3 47. Ng4 Ne5 48. Ne3 f5 49. Bh5 f4 50. Nd1 Nc4 51. Nc3 Ne3 52. Rf3 Nf5 53. Ne2 Ng3+ 54. Nxg3 fxg3 0-1

[Event "December 5 Early 2023"]
[Site "https://www.chess.com"]
[Date "2023.12.05"]
[Round "1"]
[White "Tologon tegin, Semetei"]
[Black "Mende, Andreas"]
[Result "1-0"]
[Board "233"]
[TimeControl "180+1"]
[WhiteFideId "13800574"]
[BlackFideId "4631102"]
[WhiteElo "2548"]
[BlackElo "2098"]
[WhiteTeam "KGZ"]
[BlackTeam "GER"]
[WhiteClock "0:00:20"]
[BlackClock "0:00:13"]

1. Nf3 Nf6 2. e3 g6 3. d4 d5 4. c4 Bg7 5. Nc3 O-O 6. Qb3 dxc4 7. Bxc4 c5 8. O-O Nc6 9. dxc5 Na5 10. Qb4 Nxc4 11. Qxc4 Be6 12. Qb4 Qc7 13. Nd4 Bd7 14. Qa3 Rfc8 15. b4 a5 16. Bd2 axb4 17. Qxb4 Rab8 18. Nb3 Be6 19. Nb5 Qd8 20. Rac1 Nd5 21. Qh4 Bf6 22. Qg3 b6 23. c6 Nc7 24. Nxc7 Rxc7 25. Rfd1 Qc8 26. Nd4 Bxa2 27. Nb5 Bb3 28. Qxc7 Qxc7 29. Nxc7 Bxd1 30. Rxd1 Rc8 31. Nd5 Rxc6 32. Nxf6+ exf6 33. Rb1 Kg7 34. Kf1 f5 35. Ke2 Kf6 36. Kd3 Ke6 37. Bc3 Kd6 38. Bd4 Kc7 39. Rb2 Rd6 40. Kc4 h5 41. Be5 Kc6 42. Bxd6 Kxd6 43. Rxb6+ 1-0

[Event "December 5 Early 2023"]
[Site "https://www.chess.com"]
[Date "2023.12.05"]
[Round "1"]
[White "Yushko, Olga"]
[Black "Pham, Le Thao Nguyen"]
[Result "0-1"]
[Board "234"]
[TimeControl "180+1"]
[WhiteFideId "14114500"]
[BlackFideId "12401226"]
[WhiteElo "2090"]
[BlackElo "2546"]
[WhiteTeam "UKR"]
[BlackTeam "VIE"]
[WhiteClock "0:00:04"]
[BlackClock "0:00:10"]

1. d4 Nf6 2. c4 c6 3. Nc3 d5 4. Nf3 a6 5. cxd5 cxd5 6. Bf4 Nc6 7. e3 Bf5 8. Bd3 Bxd3 9. Qxd3 e6 10. O-O Be7 11. Rac1 O-O 12. a3 Rc8 13. Na4 Nd7 14. b4 b5 15. Nc5 Nxc5 16. dxc5 f6 17. Bg3 Qd7 18. Rfd1 Rfd8 19. Rc2 e5 20. Nd2 Qe6 21. f4 e4 22. Qe2 d4 23. Qf2 f5 24. exd4 Nxd4 25. Nxe4 Nxc2 26. Nd6 Bxd6 27. cxd6 Rxd6 28. Rc1 Nd4 29. Re1 Qd7 30. Qa2+ Kh8 31. Bf2 Ne6 32. Qe2 h6 33. h3 Nxf4 34. Qe5 Nd3 0-1

[Event "December 5 Early 2023"]
[Site "https://www.chess.com"]
[Date "2023.12.05"]
[Round "1"]
[White "Baziuk, Vladyslav"]
[Black "Feliz Dotel, Dewar Bienvenido"]
[Result "1-0"]
[Board "235"]
[TimeControl "180+1"]
[WhiteFideId "34107940"]
[BlackFideId "6402801"]
[WhiteElo "2546"]
[BlackElo "2088"]
[WhiteTeam "UKR"]
[BlackTeam "DOM"]
[WhiteClock "0:00:56"]
[BlackClock "0:00:00"]

1. e4 e5 2. Nf3 Nc6 3. Bc4 Nf6 4. d4 exd4 5. e5 d5 6. Bb5 Ne4 7. Nxd4 Bd7 8. Bxc6 bxc6 9. O-O Bc5 10. f3 Ng5 11. Be3 Bb6 12. f4 Ne4 13. Nd2 c5 14. N4f3 Nxd2 15. Qxd2 d4 16. Bf2 O-O 17. Bh4 Qc8 18. a4 a5 19. c3 dxc3 20. Qxc3 Bg4 21. h3 Bxf3 22. Rxf3 Qe6 23. f5 Qh6 24. Bf2 Rad8 25. Qc4 Qd2 26. b3 Qd5 27. Qc3 Qd2 28. Qc4 Qd5 29. Qg4 Qxe5 30. Re1 Qf6 31. Bh4 c4+ 32. Kh1 Qd4 33. Rf4 1-0

[Event "December 5 Early 2023"]
[Site "https://www.chess.com"]
[Date "2023.12.05"]
[Round "1"]
[White "Besso, Guadalupe"]
[Black "Santos Flores, Alberto"]
[Result "0-1"]
[Board "236"]
[TimeControl "180+1"]
[WhiteFideId "123161"]
[BlackFideId "3601234"]
[WhiteElo "2079"]
[BlackElo "2546"]
[WhiteTeam "ARG"]
[BlackTeam "ECU"]
[WhiteClock "0:00:20"]
[BlackClock "0:00:55"]

1. d4 d5 2. c4 c6 3. Nf3 Nf6 4. Nc3 dxc4 5. a4 Bf5 6. e3 e6 7. Bxc4 Bb4 8. O-O Nbd7 9. Qe2 Bg6 10. Rd1 O-O 11. Ne5 Nxe5 12. dxe5 Nd7 13. f4 Qe7 14. Bb3 Rfd8 15. Bc2 Nc5 16. Bxg6 hxg6 17. Rd4 Rxd4 18. exd4 Nb3 19. Rb1 Nxd4 20. Qf2 Bc5 21. Kh1 Rd8 22. Be3 Nb3 23. Bxc5 Qxc5 24. Qxc5 Nxc5 25. b4 Rd3 26. bxc5 Rxc3 27. g3 Rxc5 28. Rxb7 Ra5 29. Rc7 Rxa4 30. Rxc6 g5 31. Rc8+ Kh7 32. fxg5 Kg6 33. Rc7 a5 34. Ra7 Ra2 35. h4 a4 36. Kg1 a3 37. Kh1 Kh5 38. Rxf7 Rb2 0-1

[Event "December 5 Early 2023"]
[Site "https://www.chess.com"]
[Date "2023.12.05"]
[Round "1"]
[White "Bilan, Danila"]
[Black "BestestBP"]
[Result "1-0"]
[Board "237"]
[TimeControl "180+1"]
[WhiteFideId "24161918"]
[WhiteElo "2545"]
[BlackElo "2061"]
[WhiteTeam "RUS"]
[WhiteClock "0:00:17"]
[BlackClock "0:00:00"]

1. d4 Nf6 2. Nf3 e6 3. c4 Bb4+ 4. Bd2 a5 5. g3 O-O 6. Bg2 d5 7. O-O dxc4 8. Qc2 c5 9. dxc5 Bxc5 10. Qxc4 Qe7 11. Nc3 b6 12. Bg5 h6 13. Bxf6 Qxf6 14. Ne4 Qxb2 15. Nxc5 bxc5 16. Rfb1 Qf6 17. Qxc5 Nd7 18. Qc7 Rb8 19. a4 Rb2 20. e4 Re2 21. Re1 g5 22. Rad1 Qb2 23. Rxe2 Qxe2 24. Rxd7 1-0

[Event "December 5 Early 2023"]
[Site "https://www.chess.com"]
[Date "2023.12.05"]
[Round "1"]
[White "Ghosh, Chanchal Kumer"]
[Black "Ozates, Tuna"]
[Result "1-0"]
[Board "238"]
[TimeControl "180+1"]
[WhiteFideId "10201858"]
[BlackFideId "6354521"]
[WhiteElo "2055"]
[BlackElo "2545"]
[WhiteTeam "BAN"]
[BlackTeam "TUR"]
[WhiteClock "0:00:15"]
[BlackClock "0:00:01"]

1. e4 c5 2. Nf3 Nc6 3. d4 cxd4 4. Nxd4 e5 5. Nxc6 bxc6 6. c4 Nf6 7. Bd3 Bc5 8. O-O d6 9. h3 Rg8 10. Nc3 g5 11. Be3 Bd4 12. Bxd4 exd4 13. Ne2 c5 14. b4 g4 15. h4 Nd7 16. g3 Ne5 17. Nf4 Bb7 18. Rb1 Rb8 19. bxc5 dxc5 20. Qa4+ Kf8 21. Qxa7 Qc8 22. Rb5 Nf3+ 23. Kg2 f5 24. Qxc5+ Qxc5 25. Rxc5 fxe4 26. Be2 e3 27. Nd5 Bxd5 28. Rxd5 Ke7 29. Bxf3 gxf3+ 30. Kxf3 Rgf8+ 31. Kg2 Rb2 32. Rxd4 Rfxf2+ 33. Rxf2 Rxf2+ 34. Kh3 e2 35. Re4+ Kd6 36. a4 h5 37. a5 Kc5 38. g4 Rf4 39. Rxe2 hxg4+ 40. Kg3 Rxc4 41. Ra2 1-0

[Event "December 5 Early 2023"]
[Site "https://www.chess.com"]
[Date "2023.12.05"]
[Round "1"]
[White "Lux,Hugo de Melo"]
[Black "Smirnov, Timofey"]
[Result "1-0"]
[Board "239"]
[TimeControl "180+1"]
[WhiteFideId "2138298"]
[BlackFideId "24176427"]
[WhiteElo "2544"]
[BlackElo "2049"]
[WhiteTeam "BRA"]
[BlackTeam "RUS"]
[WhiteClock "0:01:11"]
[BlackClock "0:00:16"]

1. e4 e5 2. Qh5 Nc6 3. Bc4 g6 4. Qf3 Nf6 5. Ne2 Bg7 6. d3 O-O 7. Nbc3 d6 8. h3 Be6 9. Bg5 h6 10. Be3 a6 11. g4 b5 12. Bb3 Na5 13. Bxe6 fxe6 14. Qg2 d5 15. Bc5 Rf7 16. a4 Nb7 17. Ba3 c6 18. O-O Bf8 19. Bxf8 Qxf8 20. axb5 axb5 21. g5 hxg5 22. Qxg5 Nd7 23. Ng3 Rg7 24. Rxa8 Qxa8 25. f4 exf4 26. Rxf4 e5 27. Rf1 d4 28. Nd1 Qd8 29. Qg4 Qe7 30. Nf2 Nf6 31. Qg5 Nh7 32. Qxe7 Rxe7 33. Ng4 Nc5 34. Ra1 Na4 35. b3 Nc3 36. Ra8+ Kf7 37. Nh6+ Kg7 38. Nhf5+ gxf5 39. Nxf5+ Kf6 40. Nxe7 Kxe7 41. Ra7+ Kf6 42. Rxh7 Ne2+ 43. Kf2 Nf4 44. Kf3 Ne6 45. Kg4 Kg6 46. Re7 Nf4 47. Rxe5 Ne2 48. Rc5 1-0

[Event "December 5 Early 2023"]
[Site "https://www.chess.com"]
[Date "2023.12.05"]
[Round "1"]
[White "Sailer, Mike"]
[Black "Kashefi, Amir Hosein"]
[Result "0-1"]
[Board "240"]
[TimeControl "180+1"]
[WhiteFideId "2012901"]
[BlackFideId "12557935"]
[WhiteElo "2045"]
[BlackElo "2543"]
[WhiteTeam "USA"]
[BlackTeam "IRI"]
[WhiteClock "0:00:27"]
[BlackClock "0:01:11"]

1. d4 c5 2. e3 Nf6 3. Nf3 e6 4. Bd3 Qc7 5. O-O b6 6. b3 Bb7 7. Bb2 Be7 8. Nbd2 d6 9. Re1 Nbd7 10. a4 O-O 11. a5 Rfd8 12. Qe2 Nf8 13. dxc5 bxc5 14. a6 Bc6 15. Nc4 Ng6 16. Na5 Be4 17. Nd2 Bxd3 18. Qxd3 Rab8 19. Nb7 Rdc8 20. Nc4 d5 21. Nca5 Ng4 22. g3 Bf6 23. Bxf6 Nxf6 24. h4 h5 25. Rab1 Ng4 26. Kg2 Nxh4+ 27. gxh4 Qh2+ 28. Kf3 Qxf2# 0-1

[Event "December 5 Early 2023"]
[Site "https://www.chess.com"]
[Date "2023.12.05"]
[Round "1"]
[White "Saravana, Krishnan P."]
[Black "Nikulina, Alena"]
[Result "1-0"]
[Board "241"]
[TimeControl "180+1"]
[WhiteFideId "5018382"]
[BlackFideId "4172051"]
[WhiteElo "2543"]
[BlackElo "2030"]
[WhiteTeam "IND"]
[BlackTeam "RUS"]
[WhiteClock "0:01:08"]
[BlackClock "0:00:10"]

1. e4 c5 2. Nf3 e6 3. d4 cxd4 4. Nxd4 Nf6 5. Nc3 Nc6 6. Nxc6 bxc6 7. Bd3 d5 8. O-O Be7 9. Qe2 d4 10. Na4 e5 11. f4 exf4 12. Bxf4 O-O 13. Rad1 Bg4 14. Qf2 Bxd1 15. Rxd1 Ng4 16. Qg3 Nf6 17. Bh6 Nh5 18. Qg4 Kh8 19. Qxh5 gxh6 20. Qe5+ Bf6 21. Qf5 Rg8 22. e5 Rg6 23. exf6 Qxf6 24. Qxf6+ Rxf6 25. Nc5 Rd8 26. Ne4 Rf4 27. Rd2 f5 28. Ng3 Rd5 29. Re2 Rg4 30. Nxf5 Rg8 31. Ne7 1-0

[Event "December 5 Early 2023"]
[Site "https://www.chess.com"]
[Date "2023.12.05"]
[Round "1"]
[White "Reinecke, Katharina"]
[Black "Grutter, Tim"]
[Result "0-1"]
[Board "242"]
[TimeControl "180+1"]
[WhiteFideId "12929727"]
[BlackFideId "1057472"]
[WhiteElo "2013"]
[BlackElo "2542"]
[WhiteTeam "GER"]
[BlackTeam "NED"]
[WhiteClock "0:00:08"]
[BlackClock "0:00:15"]

1. d4 d6 2. c4 e5 3. dxe5 dxe5 4. Qxd8+ Kxd8 5. Nc3 c6 6. e4 Kc7 7. g3 Be6 8. b3 Nf6 9. f3 Na6 10. Bb2 Bc5 11. O-O-O Rhd8 12. Bd3 Nb4 13. Bc2 Rxd1+ 14. Nxd1 Nxa2+ 15. Kb1 Nb4 16. Bxe5+ Kb6 17. Ne2 Rd8 18. Ndc3 Be7 19. Na4+ Ka6 20. Nec3 b5 21. Nb2 Rd2 22. Rc1 Rxh2 23. Nd3 Nxc2 24. Rxc2 Rxc2 25. Kxc2 bxc4 26. bxc4 Bxc4 27. Nb4+ Bxb4 28. Bxf6 gxf6 29. f4 Bxc3 30. Kxc3 Be2 31. Kd4 Kb5 32. e5 fxe5+ 33. Kxe5 a5 34. Kf6 a4 35. Kxf7 a3 36. f5 a2 37. f6 a1=Q 38. Kg7 Qe5 39. Kxh7 Qxf6 40. g4 Bd3+ 41. Kg8 Qe7 42. g5 Bg6 43. Kh8 Qh7# 0-1

[Event "December 5 Early 2023"]
[Site "https://www.chess.com"]
[Date "2023.12.05"]
[Round "1"]
[White "Thorfinnsson, Bjorn"]
[Black "Gulamirian, Korun"]
[Result "1-0"]
[Board "243"]
[TimeControl "180+1"]
[WhiteFideId "2300982"]
[BlackFideId "4144899"]
[WhiteElo "2541"]
[BlackElo "2009"]
[WhiteTeam "ISL"]
[BlackTeam "RUS"]
[WhiteClock "0:00:28"]
[BlackClock "0:00:00"]

1. d4 Nf6 2. Nf3 g6 3. Bg5 Bg7 4. e3 O-O 5. Bd3 d6 6. Nbd2 Nbd7 7. c3 c5 8. Qc2 a6 9. h4 b5 10. h5 c4 11. Be2 Nxh5 12. Qe4 Ra7 13. Bxe7 Qe8 14. Bxd6 Qxe4 15. Nxe4 Re8 16. Ng3 Nhf6 17. Ne5 Nd5 18. Nxd7 Rxd7 19. Bc5 Rc7 20. Bf3 Nf4 21. O-O Nd3 22. Ba3 Bb7 23. Be2 a5 24. Bxd3 cxd3 25. Rfd1 b4 26. cxb4 axb4 27. Bxb4 Ba6 28. Bc3 f5 29. Nf1 Bh6 30. g3 g5 31. Nd2 f4 32. e4 g4 33. Nb3 Rxe4 34. Nc5 Bc4 35. Nxe4 fxg3 36. fxg3 Be3+ 37. Kg2 Rc6 38. Re1 Bh6 39. Rad1 Ra6 40. a3 Rg6 41. Kg1 Bf8 42. Nf2 h5 43. Nxd3 1-0

[Event "December 5 Early 2023"]
[Site "https://www.chess.com"]
[Date "2023.12.05"]
[Round "1"]
[White "Saim, Mohamed Ilias"]
[Black "Chylewski, Patryk"]
[Result "0-1"]
[Board "244"]
[TimeControl "180+1"]
[WhiteFideId "7900465"]
[BlackFideId "1186191"]
[WhiteElo "2003"]
[BlackElo "2541"]
[WhiteTeam "ALG"]
[BlackTeam "POL"]
[WhiteClock "0:00:00"]
[BlackClock "0:00:19"]

1. d4 Nf6 2. c4 c5 3. d5 b5 4. cxb5 a6 5. Nc3 axb5 6. Nxb5 d6 7. Nc3 Ba6 8. Nf3 g6 9. e4 Bg7 10. g3 Bxf1 11. Kxf1 O-O 12. Kg2 Nbd7 13. Re1 Qa5 14. h3 Rfb8 15. Re2 Ne8 16. Bg5 Kf8 17. Qd2 Rxb2 18. Qxb2 Bxc3 19. Bh6+ Kg8 20. Qc1 Bxa1 21. Qxa1 f6 22. Rb2 Qc3 23. Rb1 Qxa1 24. Rxa1 Ra4 25. Nd2 Kf7 26. Be3 Nc7 27. f4 Nb5 28. Rb1 Nc3 29. Rb7 Rxa2 30. Rxd7 Nxe4 31. Kf3 Nxd2+ 32. Bxd2 Rxd2 33. g4 Rd3+ 34. Ke4 Rd4+ 35. Ke3 Rxd5 36. h4 Rd1 37. Rd8 Rh1 38. h5 gxh5 39. gxh5 Rxh5 0-1

[Event "December 5 Early 2023"]
[Site "https://www.chess.com"]
[Date "2023.12.05"]
[Round "1"]
[White "Shuvalov, Evgenij"]
[Black "Phillips, Rene"]
[Result "1-0"]
[Board "245"]
[TimeControl "180+1"]
[WhiteFideId "4187237"]
[BlackFideId "2056275"]
[WhiteElo "2540"]
[BlackElo "1905"]
[WhiteTeam "FID"]
[BlackTeam "USA"]
[WhiteClock "0:01:52"]
[BlackClock "0:00:27"]

1. d4 Nc6 2. Nf3 Nf6 3. c4 g6 4. Nc3 d5 5. cxd5 Nxd5 6. e4 Nxc3 7. bxc3 Bg7 8. Be2 O-O 9. O-O b6 10. Be3 Bb7 11. Qb1 Na5 12. Rd1 Qe8 13. Qb4 Nc6 14. Qb1 Na5 15. Qd3 Rc8 16. Rac1 c5 17. d5 c4 18. Qd2 Qa4 19. Bh6 Rfd8 20. Bxg7 Kxg7 21. Nd4 Kg8 22. Qg5 Rc7 23. h4 Kg7 24. Nf5+ 1-0

[Event "December 5 Early 2023"]
[Site "https://www.chess.com"]
[Date "2023.12.05"]
[Round "1"]
[White "Vargas, Mauricio"]
[Black "Rangel, Daniel"]
[Result "0-1"]
[Board "246"]
[TimeControl "180+1"]
[WhiteFideId "4404572"]
[BlackFideId "2124475"]
[WhiteElo "1843"]
[BlackElo "2535"]
[WhiteTeam "COL"]
[BlackTeam "BRA"]
[WhiteClock "0:00:00"]
[BlackClock "0:01:44"]

1. e4 c5 2. Nc3 g6 3. f4 Bg7 4. Nf3 e6 5. g4 d5 6. e5 h5 7. g5 Ne7 8. Nb5 Nf5 9. d3 a6 10. Nc3 O-O 11. Bh3 Nc6 12. O-O b5 13. Ne2 Bb7 14. c3 d4 15. Ng3 dxc3 16. bxc3 b4 17. Bb2 bxc3 18. Bxc3 Ne3 19. Qd2 Nxf1 20. Rxf1 Nd4 21. Bxd4 cxd4 0-1

[Event "December 5 Early 2023"]
[Site "https://www.chess.com"]
[Date "2023.12.05"]
[Round "1"]
[White "Tifferet, Shakked"]
[Black "Skiadopoulos, Nikolaos"]
[Result "1-0"]
[Board "247"]
[TimeControl "180+1"]
[WhiteFideId "2811529"]
[BlackFideId "4200772"]
[WhiteElo "2535"]
[BlackElo "1770"]
[WhiteTeam "ISR"]
[BlackTeam "GRE"]
[WhiteClock "0:01:17"]
[BlackClock "0:00:31"]

1. e4 c5 2. Nc3 Nc6 3. Nge2 g6 4. g3 Bg7 5. Bg2 e6 6. d3 Nge7 7. h4 h5 8. Bg5 f6 9. Be3 b6 10. d4 cxd4 11. Nxd4 Nxd4 12. Qxd4 O-O 13. O-O-O Nc6 14. Qd6 Qe7 15. f4 Qxd6 16. Rxd6 Rf7 17. Rhd1 Bf8 18. R6d2 Rb8 19. Nb5 a6 20. Nd6 Bxd6 21. Rxd6 b5 22. c3 e5 23. f5 Ne7 24. fxg6 Nxg6 25. Bh3 Nf8 26. Bh6 Rb7 27. Rf1 Nh7 28. Bf5 Rc7 29. Bg6 Re7 30. Kd2 a5 31. a3 b4 32. axb4 axb4 33. cxb4 Rb7 34. Kc3 Rc7+ 35. Kb3 Ba6 36. Rxa6 1-0

[Event "December 5 Early 2023"]
[Site "https://www.chess.com"]
[Date "2023.12.05"]
[Round "2"]
[White "Spata, German"]
[Black "Nakamura, Hikaru"]
[Result "0-1"]
[Board "1"]
[TimeControl "180+1"]
[WhiteFideId "113026"]
[BlackFideId "2016192"]
[WhiteElo "2653"]
[BlackElo "3256"]
[WhiteTeam "ARG"]
[BlackTeam "USA"]
[WhiteClock "0:01:00"]
[BlackClock "0:02:16"]

1. Nf3 g6 2. d4 Bg7 3. e3 d6 4. Be2 Nd7 5. c4 e5 6. Nc3 Ngf6 7. O-O O-O 8. Qc2 Re8 9. b3 e4 10. Nd2 Qe7 11. Bb2 Nf8 12. Nd5 Nxd5 13. cxd5 Bf5 14. Rac1 Rac8 15. Qc4 h5 16. Qb4 Rb8 17. Qa5 Rec8 18. Qxa7 Nd7 19. Qa5 Nf6 20. Rc2 Ra8 21. Qb5 Rxa2 22. Qxb7 Qd8 23. Ra1 Rb8 24. Qxb8 Rxa1+ 0-1

[Event "December 5 Early 2023"]
[Site "https://www.chess.com"]
[Date "2023.12.05"]
[Round "2"]
[White "Naroditsky, Daniel"]
[Black "Kuzhylnyi, Oleksandr"]
[Result "1-0"]
[Board "2"]
[TimeControl "180+1"]
[WhiteFideId "2026961"]
[BlackFideId "34110500"]
[WhiteElo "3170"]
[BlackElo "2650"]
[WhiteTeam "USA"]
[BlackTeam "UKR"]
[WhiteClock "0:00:06"]
[BlackClock "0:00:01"]

1. e4 e5 2. Nf3 Nc6 3. Nc3 Nf6 4. g3 d5 5. exd5 Nxd5 6. Bg2 Nxc3 7. bxc3 Bd6 8. O-O O-O 9. d3 Bf5 10. Re1 Qd7 11. Rb1 b6 12. Ng5 Rad8 13. Qf3 Ne7 14. c4 Qa4 15. Qe2 Qxa2 16. Bb2 Qa4 17. Ra1 Qd7 18. Rxa7 h6 19. Ne4 Nc6 20. Raa1 Bb4 21. Reb1 Nd4 22. Bxd4 Qxd4 23. Ra7 Bxe4 24. Bxe4 Bd6 25. Ra2 f5 26. Bd5+ Kh8 27. Rb3 e4 28. dxe4 fxe4 29. Bxe4 Bc5 30. Rf3 Rxf3 31. Bxf3 Rf8 32. Kg2 Qf6 33. Ra7 Bd6 34. c5 bxc5 35. Ra4 Qe7 36. Re4 Qf6 37. h4 Qd8 38. h5 Qf6 39. Re6 Qg5 40. Qe4 Qf5 41. Qe2 Qf7 42. Rg6 c4 43. Be4 c3 44. Bd3 Bc5 45. f4 Qe7 46. Re6 Qd7 47. Qe4 Bd6 48. Qh7# 1-0